 Dungeon Crawl Stone Soup version 0.23.1 (webtiles) character file.

Game seed: 0

637 racehazard the Skirmisher (level 7, -1/75 HPs)
             Began as an Ogre Berserker on Mar 3, 2019.
             Was a Priest of Trog.
             Slain by a sky beast (3 damage)
             ... on level 4 of the Dungeon.
             The game lasted 00:33:53 (5901 turns).

racehazard the Skirmisher (Ogre Berserker)          Turns: 5901, Time: 00:33:55

Health: -1/75      AC:  3    Str: 24    XL:     7   Next: 50%
Magic:  7/7        EV: 11    Int:  8    God:    Trog [***...]
Gold:   193        SH:  0    Dex:  8    Spells: 6/6 levels left

rFire    . . .     SeeInvis .   p - +2 short sword (holy)
rCold    . . .     Gourm    .   (no shield)
rNeg     . . .     Faith    .   b - +0 animal skin
rPois    .         Spirit   .   (helmet restricted)
rElec    .         Reflect  .   (no cloak)
rCorr    .         Harm     .   (gloves unavailable)
MR       .....                  (boots unavailable)
Stlth    +.........             (no amulet)
HPRegen  0.22/turn              (no ring)
MPRegen  0.10/turn              (no ring)

@: lethally poisoned (-1 -> -13)
A: large, unfitting armour, tough skin 1
a: Berserk, Trog's Hand, Renounce Religion


You were on level 4 of the Dungeon.
You worshipped Trog.
Trog was most pleased with you.
You were hungry.

You visited 2 branches of the dungeon, and saw 7 of its levels.
You also visited: Sewer.

You collected 193 gold pieces.

Inventory:

Hand Weapons
 a - a +0 mace
 e - a +0 club
 h - a +0 short sword
 k - a +0 club
 p - a +2 short sword of holy wrath (weapon)
 B - a +2 dagger of venom
Missiles
 d - 46 bolts
Armour
 b - a +0 animal skin (worn)
 f - a +0 ring mail
 r - a +0 robe
 u - a +0 pair of boots
 H - a +0 chain mail of positive energy
Jewellery
 y - an uncursed amulet of harm
 C - an uncursed ring of see invisible {unknown}
Wands
 w - a wand of paralysis (8)
 G - a wand of scattershot (5)
Scrolls
 g - 4 scrolls of identify {unknown}
 l - 3 scrolls of teleportation {unknown}
 m - a scroll of fog {unknown}
 n - 3 scrolls of remove curse {unknown}
 q - 2 scrolls of enchant weapon {unknown}
 s - 3 scrolls of enchant armour {unknown}
 t - a scroll of magic mapping {unknown}
 I - a scroll of noise {unknown}
Potions
 i - a potion of berserk rage
 o - a potion of resistance {unknown}
 v - a potion of degeneration {unknown}
 x - a potion of ambrosia {unknown}
 z - a potion of magic {unknown}
 D - 2 potions of agility {unknown}
 E - a potion of heal wounds {unknown}
 F - a potion of might {unknown}
Comestibles
 c - 6 rations


   Skills:
 + Level 6.2 Fighting
 + Level 4.1 Short Blades
 + Level 3.5 Maces & Flails
 + Level 4.5 Dodging
 + Level 1.0 Stealth


You had 6 spell levels left.
You didn't know any spells.
Your spell library contained the following spells:

 Spells                   Type           Power        Failure   Level  Hunger
 Corona                   Hex            #......      41%         1    ##.....
 Ensorcelled Hibernation  Hex/Ice        #.....       54%         2    ###....
 Confuse                  Hex            #.......     78%         3    ####...
 Dazzling Spray           Conj/Hex       #.....       78%         3    ####...
 Tukima's Dance           Hex            #.......     78%         3    ####...


Dungeon Overview and Level Annotations

Branches:
Dungeon (6/15)             Temple (1/1) D:4

Altars:
Ashenzari
Dithmenos
Fedhas
Gozag
Kikubaaqudgha
Nemelex Xobeh
Okawaru
Qazlal
Sif Muna
Trog
Uskayaw
Xom
Zin
The Shining One

Shops:
D:4 [

Annotations:
D:5 2 transporters, nikopol's ghost, amateur DEFE
D:6 Eustachio


Innate Abilities, Weirdness & Mutations

You are too large for most types of armour.
You have tough skin. (AC +1)


Message History

The worker ant is moderately wounded.
The sky beast misses you. The worker ant closely misses you.
You hit the worker ant.
The worker ant is heavily wounded.
The worker ant closely misses you. The sky beast misses you.
You feel better. The worker ant bites you.
* * * LOW HITPOINT WARNING * * *
You are poisoned.
The worker ant poisons you! The sky beast hits you.
* * * LOW HITPOINT WARNING * * *
The sky beast shocks you.
* * * LOW HITPOINT WARNING * * *
You closely miss the worker ant.
The worker ant is heavily wounded.
* * * LOW HITPOINT WARNING * * *
You feel sick. The worker ant bites you.
* * * LOW HITPOINT WARNING * * *
You are more poisoned.
The worker ant poisons you! The sky beast hits you.
You die...

#####..#####
###.#.#####. #..#
#.#....... #..##
#...##.### #...#
###.##.... #.#.#######
#.###### #....รท....#
#.#### ###.#####.#
#.##.## #.# #Y# ##.#.#.#
#.# #@# #.....#.# #.#
#a########..##.##. #.#
#...........##....
#.#######.#######.#####.
#.........# ##.# #.#
########### #.#.# #.#
###


You could see a sky beast and a worker ant.

Vanquished Creatures
  A scorpion (D:5)
  A water moccasin skeleton (D:5)
  2 howler monkeys
  A crimson imp (D:5)
  A jelly (D:5)
  2 hounds
  A centaur skeleton (D:4)
  An iguana (D:4)
  2 worker ants
  A gnoll (D:1)
  11 adders
  A shadow imp (D:5)
  An ooze (D:3)
  4 worms
  3 dart slugs
  8 leopard geckos
  An orc (D:4)
  8 bats
  9 giant cockroaches
  6 hobgoblins
  5 jackals
  3 quokkas
  4 ball pythons
  8 frilled lizards
  8 goblins
  8 kobolds
  A leopard gecko skeleton (D:4)
  2 quokka skeletons
  10 rats
114 creatures vanquished.

Notes
Turn   | Place    | Note
-------+----------+-------------------------------------------
     0 | D:1      | racehazard the Ogre Berserker began the quest for the Orb.
     0 | D:1      | Reached XP level 1. HP: 24/24 MP: 1/1
   262 | D:1      | Reached XP level 2. HP: 22/32 MP: 2/2
   620 | D:1      | Reached XP level 3. HP: 38/40 MP: 3/3
   950 | D:2      | Reached ** piety under Trog
   955 | D:2      | Reached XP level 4. HP: 17/49 MP: 4/4
  2286 | D:3      | Reached XP level 5. HP: 52/55 MP: 5/5
  2515 | D:3      | Reached skill level 1 in Short Blades
  3438 | D:4      | Found a staircase to the Ecumenical Temple.
  3445 | D:4      | Found a sparkling altar of Nemelex Xobeh.
  3473 | Temple   | Entered the Ecumenical Temple
  3644 | D:4      | Reached skill level 5 in Fighting
  3658 | D:4      | Reached XP level 6. HP: 41/66 MP: 6/6
  3989 | D:4      | Found Zuwnumom's Armour Emporium.
  4328 | D:5      | Entered Level 5 of the Dungeon
  4356 | D:5      | Found a transporter.
  4378 | D:5      | Noticed nikopol's ghost (amateur DEFE)
  4442 | D:5      | Reached XP level 7. HP: 22/74 MP: 7/7
  4739 | D:5      | Found a glowing drain.
  4743 | Sewer    | Entered a sewer
  4761 | Sewer    | Reached skill level 1 in Stealth
  5059 | Sewer    | Reached *** piety under Trog
  5305 | Sewer    | Reached skill level 6 in Fighting
  5859 | D:6      | Found a blossoming altar of Fedhas.
  5863 | D:6      | Noticed Eustachio
  5893 | D:5      | Found a transporter.
  5901 | D:4      | HP: 3/75 [poisoned by a worker ant]
  5901 | D:4      | Slain by a sky beast

Skill      XL: |  1  2  3  4  5  6  7 |
---------------+----------------------+-----
Maces & Flails | 3 |  3.5
Dodging        | 3 4 |  4.5
Short Blades   | 2 3 4 |  4.1
Fighting       | 5 6 |  6.2
Stealth        | 1 |  1.0

Action                   |  1- 3 |  4- 6 |  7- 9 || total
-------------------------+-------+-------+-------++-------
Melee: Mace              |    64 |       |       ||    64
       Short sword       |    18 |   266 |   140 ||   424
  Use: Potion            |       |     5 |     3 ||     8
       Scroll            |       |     1 |       ||     1
  Eat: Ration            |       |     3 |       ||     3
       Chunk             |       |     1 |     5 ||     6
Armor: Animal skin       |    42 |    90 |    43 ||   175
Dodge: Dodged            |    55 |   176 |    93 ||   324
